Senators vs Capitals

Created - February 2 2008 at 11:38

Goals
1 2 3 OT1 T
Senators 0 1 1 1 3
Capitals 1 1 0 0 2
Shots
1 2 3 OT1 T
Senators 5 12 5 4 26
Capitals 9 6 10 1 26

Period #1

1. Capitals , Ryane Clowe 14 (Brian Sutherby, Richard Zednik) at 17:06

Penalties :
Ben Clymer (WSH) for Holding Stick (Minor) at 6:17, Petr Prucha (OTT) for Holding (Minor) at 11:41

Period #2

2. Senators , Andy Mcdonald 26 (Jason Spezza, Jason Pominville) at 7:47 (PP)
3. Capitals , David Vyborny 12 (Chris Clark, Alexander Ovechkin) at 19:09

Penalties :
Matt Carle (OTT) for Hooking (Minor) at 1:57, Tom Preissing (OTT) for Tripping (Minor) at 5:14, Bryan Muir (WSH) for High sticking (Minor) at 7:32, Bryan Muir (WSH) for Fighting (Major) at 12:30, Anton Volchenkov (OTT) for Fighting (Major) at 12:30, Alexander Ovechkin (WSH) for Tripping (Minor) at 16:47, Jason Spezza (OTT) for Hooking (Minor) at 19:59

Period #3

4. Senators , Mike Cammalleri 20 (Matt Carle) at 7:37

Penalties :
Petr Prucha (OTT) for Roughing (Double Minor) at 11:42

Overtime #1

5. Senators , Jay Bouwmeester 14 (Anton Volchenkov, Jason Spezza) at 0:35

Penalties :
No Penalty

Goalie Stats

Kari Lehtonen (OTT), 24 saves from 26 shots - (0.923), W, 25-14-0, 60:36 minutes
Fredrik Norrena (WSH), 23 saves from 26 shots - (0.885), OTL, 14-9-6, 60:36 minutes

Players Stats

Senators
Player Name              G  A  P  +/- PIM S  H  SB FO MP 
-----------------------------------------------------------
Andy Mcdonald            1  0  1   0  0   3  2  0  17 22 
Anton Volchenkov         0  1  1   1  5   0  1  0  0  23 
Brenden Morrow           0  0  0   0  0   0  0  0  0  4  
Chris Kunitz             0  0  0  -2  0   2  3  1  1  19 
Christoph Schubert       0  0  0  -1  0   0  0  2  0  17 
Ilya Kovalchuk           0  0  0   2  0   1  2  0  0  17 
Jason Pominville         0  1  1   0  0   0  1  0  4  16 
Jason Spezza             0  2  2   1  2   6  1  0  18 21 
Jay Bouwmeester          1  0  1   1  0   2  0  1  0  24 
Jordan Staal             0  0  0  -1  0   2  0  0  13 16 
Marc-Andre Bergeron      0  0  0   0  0   1  2  1  0  23 
Matt Carle               0  1  1  -1  2   0  0  1  0  16 
Maxim Afinogenov         0  0  0   0  0   0  0  0  15 17 
Michel Ouellet           0  0  0   0  0   4  0  0  1  11 
Mike Cammalleri          1  0  1  -1  0   4  1  0  0  16 
Petr Prucha              0  0  0   0  6   1  0  0  1  11 
Rostislav Olesz          0  0  0   0  0   0  1  0  12 11 
Tom Preissing            0  0  0   0  2   0  0  1  0  22 
Capitals
Player Name              G  A  P  +/- PIM S  H  SB FO MP 
-----------------------------------------------------------
Adrian Aucoin            0  0  0   0  0   2  1  0  0  18 
Alexander Ovechkin       0  1  1   0  2   5  1  0  0  23 
Alexander Semin          0  0  0   0  0   3  0  0  1  21 
Ben Clymer               0  0  0   1  2   1  0  0  0  21 
Brian Pothier            0  0  0  -1  0   0  1  3  0  23 
Brian Sutherby           0  1  1   0  0   1  0  0  17 17 
Bryan Muir               0  0  0   0  7   1  1  0  0  15 
Chris Clark              0  1  1   1  0   1  1  0  1  19 
Dainius Zubrus           0  0  0   0  0   3  0  0  21 22 
David Vyborny            1  0  1   0  0   3  1  0  37 25 
Jeff Schultz             0  0  0   1  0   0  0  3  0  19 
Kris Beech               0  0  0   0  0   0  0  0  0  4  
Matt Pettinger           0  0  0   0  0   1  0  0  1  11 
Richard Zednik           0  1  1   0  0   4  1  0  2  18 
Ryane Clowe              1  0  1   0  0   1  1  1  0  14 
Shaone Morrisonn         0  0  0  -1  0   0  1  2  0  25 
Steve Eminger            0  0  0   0  0   0  0  1  0  7  
Trent Hunter             0  0  0   0  0   0  4  1  2  15 

3 Stars

1 - Jason Spezza (OTT)
2 - Jay Bouwmeester (OTT)
3 - Andy Mcdonald (OTT)

Power Play

Senators - 1 on 3 Attempt(s) - 33.33%
Capitals - 0 on 5 Attempt(s) - 0.00%

Penalty Kill

Senators - 5 on 5 Attempt(s) - 100.00% - Score 0 goal in Penalty Kill
Capitals - 2 on 3 Attempt(s) - 66.67% - Score 0 goal in Penalty Kill

Game Notes

Brenden Morrow is injured at 10:40 of 1st period (Right Leg)
Bryan Muir and Anton Volchenkov fight to a draw at 12:30 of 2nd period

Finance

Level 1 -- Attendance: 3792 (58.34%) -- Ticket Income $379,200.00
Level 2 -- Attendance: 3365 (61.18%) -- Ticket Income $201,900.00
Level 3 -- Attendance: 1211 (48.44%) -- Ticket Income $42,385.00
Level 4 -- Attendance: 3299 (73.31%) -- Ticket Income $65,980.00
Luxury Box -- Attendance: 686 (68.60%) -- Ticket Income $137,200.00
Game was played at the MCI Center
Total Attendance: 12353 (61.77%)
Total Ticket Income: $840,278.10
Other Income: $125,719.80
Total Income: $965,998.00


Play by Play

Period #1

0:01 of 1st period - David Vyborny wins face-off versus Jason Spezza in neutral zone.
1:11 of 1st period - Shot by Alexander Semin.
1:11 of 1st period - Deflect By Dainius Zubrus.
1:11 of 1st period - Shot Misses the Net.
2:01 of 1st period - Shot by Brenden Morrow.
2:01 of 1st period - Shot Blocked by Brian Pothier.
2:49 of 1st period - Shot by Richard Zednik.
2:49 of 1st period - Shot Blocked by Matt Carle.
2:51 of 1st period - Shot by Adrian Aucoin.
2:51 of 1st period - Stopped by Kari Lehtonen with a rebound.
4:13 of 1st period - Shot by Richard Zednik.
4:13 of 1st period - Deflect By Brian Sutherby.
4:13 of 1st period - Shot Misses the Net.
4:15 of 1st period - Shot by Richard Zednik.
4:15 of 1st period - Shot Misses the Net.
4:17 of 1st period - Shot by Brian Sutherby.
4:17 of 1st period - Stopped by Kari Lehtonen without a rebound.
4:18 of 1st period - Andy Mcdonald wins face-off versus David Vyborny in Senators zone.
4:29 of 1st period - Shot by Andy Mcdonald.
4:29 of 1st period - Shot Blocked by Shaone Morrisonn.
4:44 of 1st period - Off-side.
4:45 of 1st period - Jason Spezza wins face-off versus Dainius Zubrus in neutral zone.
5:38 of 1st period - Shot by Richard Zednik.
5:38 of 1st period - Stopped by Kari Lehtonen without a rebound.
5:39 of 1st period - David Vyborny wins face-off versus Jordan Staal in Senators zone.
5:59 of 1st period - Icing by Ben Clymer.
6:00 of 1st period - Rostislav Olesz wins face-off versus David Vyborny in Capitals zone.
6:17 of 1st period - Minor Penalty to Ben Clymer for Holding Stick.
6:18 of 1st period - Dainius Zubrus wins face-off versus Andy Mcdonald in Capitals zone.
6:37 of 1st period - Shot by Marc-Andre Bergeron.
6:37 of 1st period - Shot Misses the Net.
7:21 of 1st period - Brian Pothier is hit by Ilya Kovalchuk and loses puck.
8:40 of 1st period - Shot by Jordan Staal.
8:40 of 1st period - Deflect By Chris Kunitz.
8:40 of 1st period - Shot Misses the Net.
8:44 of 1st period - Shot by Chris Kunitz.
8:44 of 1st period - Stopped by Fredrik Norrena with a rebound.
9:02 of 1st period - Shot by Jordan Staal.
9:02 of 1st period - Shot Misses the Net.
9:43 of 1st period - Anton Volchenkov is hit by Trent Hunter and loses puck.
10:03 of 1st period - Icing by Bryan Muir.
10:04 of 1st period - Dainius Zubrus wins face-off versus Andy Mcdonald in Capitals zone.
10:39 of 1st period - Brenden Morrow is hit by Ryane Clowe and loses puck.
10:40 of 1st period - Brenden Morrow from Senators is injured at 10:40 of 1st period (Right Leg).
10:41 of 1st period - David Vyborny wins face-off versus Jordan Staal in Senators zone.
10:50 of 1st period - Shot by Alexander Ovechkin.
10:50 of 1st period - Stopped by Kari Lehtonen with a rebound.
10:54 of 1st period - Shot by Alexander Ovechkin.
10:54 of 1st period - Stopped by Kari Lehtonen without a rebound.
10:55 of 1st period - Brian Sutherby wins face-off versus Jordan Staal in Senators zone.
10:58 of 1st period - Shot by Richard Zednik.
10:58 of 1st period - Stopped by Kari Lehtonen without a rebound.
10:59 of 1st period - Brian Sutherby wins face-off versus Chris Kunitz in Senators zone.
11:18 of 1st period - Shot by Mike Cammalleri.
11:18 of 1st period - Stopped by Fredrik Norrena without a rebound.
11:19 of 1st period - Dainius Zubrus wins face-off versus Jason Pominville in Capitals zone.
11:19 of 1st period - Dainius Zubrus is hit by Andy Mcdonald.
11:29 of 1st period - Off-side.
11:30 of 1st period - David Vyborny wins face-off versus Rostislav Olesz in neutral zone.
11:41 of 1st period - Minor Penalty to Petr Prucha for Holding.
11:42 of 1st period - Maxim Afinogenov wins face-off versus David Vyborny in Capitals zone.
11:55 of 1st period - Icing by David Vyborny.
11:56 of 1st period - Jason Spezza wins face-off versus David Vyborny in Capitals zone.
11:59 of 1st period - Shot by Jason Spezza.
11:59 of 1st period - Stopped by Fredrik Norrena with a rebound.
12:05 of 1st period - Jay Bouwmeester is hit by Chris Clark.
12:15 of 1st period - Shot by Adrian Aucoin.
12:15 of 1st period - Stopped by Kari Lehtonen without a rebound.
12:16 of 1st period - Maxim Afinogenov wins face-off versus David Vyborny in Senators zone.
13:05 of 1st period - Adrian Aucoin is hit by Andy Mcdonald and loses puck.
15:19 of 1st period - Shot by Michel Ouellet.
15:19 of 1st period - Stopped by Fredrik Norrena without a rebound.
15:20 of 1st period - Andy Mcdonald wins face-off versus David Vyborny in Capitals zone.
15:53 of 1st period - Shot by Jason Spezza.
15:53 of 1st period - Shot Misses the Net.
17:06 of 1st period - Shot by Ryane Clowe.
17:06 of 1st period - Goal by Ryane Clowe - Senators : 0 - Capitals : 1.
17:07 of 1st period - Rostislav Olesz wins face-off versus Dainius Zubrus in neutral zone.
17:16 of 1st period - Petr Prucha is hit by Brian Pothier and loses puck.
17:29 of 1st period - Shot by Alexander Semin.
17:29 of 1st period - Stopped by Kari Lehtonen without a rebound.
17:30 of 1st period - Brian Sutherby wins face-off versus Andy Mcdonald in Senators zone.
17:45 of 1st period - Shot by Jason Pominville.
17:45 of 1st period - Deflect By Jason Spezza.
17:45 of 1st period - Stopped by Fredrik Norrena without a rebound.
17:46 of 1st period - Trent Hunter wins face-off versus Jason Spezza in Capitals zone.
19:28 of 1st period - Chris Kunitz is hit by David Vyborny and loses puck.
19:34 of 1st period - Alexander Ovechkin is hit by Marc-Andre Bergeron and loses puck.

Period #2

0:01 of 2nd period - Jason Spezza wins face-off versus David Vyborny in neutral zone.
0:24 of 2nd period - Icing by Jay Bouwmeester.
0:25 of 2nd period - Jason Spezza wins face-off versus Dainius Zubrus in Senators zone.
0:44 of 2nd period - Shot by Ilya Kovalchuk.
0:44 of 2nd period - Stopped by Fredrik Norrena with a rebound.
0:47 of 2nd period - Icing by Trent Hunter.
0:48 of 2nd period - Dainius Zubrus wins face-off versus Andy Mcdonald in Capitals zone.
0:55 of 2nd period - Shot by Chris Kunitz.
0:55 of 2nd period - Stopped by Fredrik Norrena without a rebound.
0:56 of 2nd period - David Vyborny wins face-off versus Jordan Staal in Capitals zone.
0:56 of 2nd period - Chris Clark is hit by Chris Kunitz.
0:59 of 2nd period - Off-side.
1:00 of 2nd period - Jason Pominville wins face-off versus David Vyborny in neutral zone.
1:02 of 2nd period - Off-side.
1:03 of 2nd period - Andy Mcdonald wins face-off versus David Vyborny in neutral zone.
1:43 of 2nd period - Shot by Jason Spezza.
1:43 of 2nd period - Shot Misses the Net.
1:45 of 2nd period - Shot by Jason Spezza.
1:45 of 2nd period - Shot Misses the Net.
1:57 of 2nd period - Minor Penalty to Matt Carle for Hooking.
1:58 of 2nd period - Dainius Zubrus wins face-off versus Maxim Afinogenov in Senators zone.
2:31 of 2nd period - Icing by Dainius Zubrus.
2:32 of 2nd period - Dainius Zubrus wins face-off versus Jason Spezza in Capitals zone.
3:03 of 2nd period - Icing by Matt Pettinger.
3:04 of 2nd period - Maxim Afinogenov wins face-off versus David Vyborny in Capitals zone.
3:11 of 2nd period - Shot by Chris Clark.
3:11 of 2nd period - Shot Misses the Net.
4:45 of 2nd period - Icing by Jeff Schultz.
4:46 of 2nd period - Brian Sutherby wins face-off versus Rostislav Olesz in Capitals zone.
5:05 of 2nd period - Off-side.
5:06 of 2nd period - Dainius Zubrus wins face-off versus Andy Mcdonald in neutral zone.
5:14 of 2nd period - Minor Penalty to Tom Preissing for Tripping.
5:15 of 2nd period - Maxim Afinogenov wins face-off versus David Vyborny in Senators zone.
5:28 of 2nd period - Shot by Alexander Ovechkin.
5:28 of 2nd period - Stopped by Kari Lehtonen without a rebound.
5:29 of 2nd period - Maxim Afinogenov wins face-off versus David Vyborny in Senators zone.
6:35 of 2nd period - Shot by Chris Clark.
6:35 of 2nd period - Shot Misses the Net.
6:37 of 2nd period - Shot by Dainius Zubrus.
6:37 of 2nd period - Shot Blocked by Jay Bouwmeester.
6:41 of 2nd period - Shot by Dainius Zubrus.
6:41 of 2nd period - Stopped by Kari Lehtonen without a rebound.
6:42 of 2nd period - Maxim Afinogenov wins face-off versus David Vyborny in Senators zone.
7:01 of 2nd period - Shot by David Vyborny.
7:01 of 2nd period - Shot Blocked by Christoph Schubert.
7:03 of 2nd period - Shot by Chris Clark.
7:03 of 2nd period - Shot Misses the Net.
7:05 of 2nd period - Shot by David Vyborny.
7:05 of 2nd period - Shot Misses the Net.
7:23 of 2nd period - Shot by Alexander Semin.
7:23 of 2nd period - Deflect By Dainius Zubrus.
7:23 of 2nd period - Stopped by Kari Lehtonen without a rebound.
7:24 of 2nd period - Rostislav Olesz wins face-off versus Brian Sutherby in Senators zone.
7:31 of 2nd period - Shot by Michel Ouellet.
7:31 of 2nd period - Stopped by Fredrik Norrena without a rebound.
7:32 of 2nd period - Jordan Staal wins face-off versus Dainius Zubrus in Capitals zone.
7:32 of 2nd period - Minor Penalty to Bryan Muir for High sticking.
7:33 of 2nd period - Brian Sutherby wins face-off versus Andy Mcdonald in Capitals zone.
7:33 of 2nd period - Brian Sutherby is hit by Jason Spezza.
7:47 of 2nd period - Shot by Andy Mcdonald.
7:47 of 2nd period - Goal by Andy Mcdonald - Senators : 1 - Capitals : 1.
7:48 of 2nd period - Petr Prucha wins face-off versus Alexander Semin in neutral zone.
7:59 of 2nd period - Shot by Alexander Semin.
7:59 of 2nd period - Stopped by Kari Lehtonen without a rebound.
8:00 of 2nd period - Brian Sutherby wins face-off versus Jordan Staal in Senators zone.
8:21 of 2nd period - Shot by Ryane Clowe.
8:21 of 2nd period - Shot Misses the Net.
8:54 of 2nd period - Icing by Shaone Morrisonn.
8:55 of 2nd period - Jason Spezza wins face-off versus Chris Clark in Capitals zone.
9:00 of 2nd period - Shot by Ilya Kovalchuk.
9:00 of 2nd period - Shot Hit the Post.
9:33 of 2nd period - Icing by Jay Bouwmeester.
9:34 of 2nd period - Jason Spezza wins face-off versus Dainius Zubrus in Senators zone.
9:55 of 2nd period - Shot by Dainius Zubrus.
9:55 of 2nd period - Shot Misses the Net.
10:48 of 2nd period - Off-side.
10:49 of 2nd period - David Vyborny wins face-off versus Jordan Staal in neutral zone.
11:25 of 2nd period - Shot by Chris Clark.
11:25 of 2nd period - Shot Blocked by Christoph Schubert.
11:27 of 2nd period - Shot by Chris Clark.
11:27 of 2nd period - Shot Blocked by Chris Kunitz.
11:29 of 2nd period - Shot by Chris Clark.
11:29 of 2nd period - Stopped by Kari Lehtonen with a rebound.
11:31 of 2nd period - Shot by Chris Clark.
11:31 of 2nd period - Shot Misses the Net.
11:53 of 2nd period - Shot by Ryane Clowe.
11:53 of 2nd period - Shot Misses the Net.
12:30 of 2nd period - Bryan Muir and Anton Volchenkov fight to a draw.
12:30 of 2nd period - Penalty to Bryan Muir for Fighting.
12:30 of 2nd period - Penalty to Anton Volchenkov for Fighting.
12:31 of 2nd period - Dainius Zubrus wins face-off versus Andy Mcdonald in Senators zone.
12:31 of 2nd period - Dainius Zubrus is hit by Marc-Andre Bergeron.
13:33 of 2nd period - Shot by Jordan Staal.
13:33 of 2nd period - Stopped by Fredrik Norrena with a rebound.
14:10 of 2nd period - Icing by Adrian Aucoin.
14:11 of 2nd period - Rostislav Olesz wins face-off versus Brian Sutherby in Capitals zone.
14:53 of 2nd period - Off-side.
14:54 of 2nd period - Dainius Zubrus wins face-off versus Andy Mcdonald in neutral zone.
15:04 of 2nd period - Shot by Andy Mcdonald.
15:04 of 2nd period - Shot Misses the Net.
15:08 of 2nd period - Shot by Ilya Kovalchuk.
15:08 of 2nd period - Shot Blocked by Steve Eminger.
15:10 of 2nd period - Shot by Marc-Andre Bergeron.
15:10 of 2nd period - Stopped by Fredrik Norrena without a rebound.
15:11 of 2nd period - David Vyborny wins face-off versus Jordan Staal in Capitals zone.
15:11 of 2nd period - David Vyborny is hit by Mike Cammalleri.
15:40 of 2nd period - Shot by Jordan Staal.
15:40 of 2nd period - Shot Blocked by Shaone Morrisonn.
15:53 of 2nd period - Off-side.
15:54 of 2nd period - Andy Mcdonald wins face-off versus Trent Hunter in neutral zone.
15:54 of 2nd period - Tom Preissing is hit by Trent Hunter and loses puck.
16:21 of 2nd period - Shot by Ilya Kovalchuk.
16:21 of 2nd period - Shot Blocked by Trent Hunter.
16:23 of 2nd period - Shot by Jason Pominville.
16:23 of 2nd period - Shot Misses the Net.
16:25 of 2nd period - Shot by Andy Mcdonald.
16:25 of 2nd period - Stopped by Fredrik Norrena without a rebound.
16:26 of 2nd period - Brian Sutherby wins face-off versus Rostislav Olesz in Capitals zone.
16:30 of 2nd period - Icing by Ryane Clowe.
16:31 of 2nd period - Rostislav Olesz wins face-off versus Brian Sutherby in Capitals zone.
16:32 of 2nd period - Shot by Petr Prucha.
16:32 of 2nd period - Shot Blocked by Jeff Schultz.
16:34 of 2nd period - Shot by Michel Ouellet.
16:34 of 2nd period - Stopped by Fredrik Norrena with a rebound.
16:44 of 2nd period - Shot by Petr Prucha.
16:44 of 2nd period - Stopped by Fredrik Norrena without a rebound.
16:45 of 2nd period - David Vyborny wins face-off versus Jason Spezza in Capitals zone.
16:47 of 2nd period - Minor Penalty to Alexander Ovechkin for Tripping.
16:48 of 2nd period - Brian Sutherby wins face-off versus Jason Spezza in neutral zone.
17:03 of 2nd period - Icing by Jason Spezza.
17:04 of 2nd period - Dainius Zubrus wins face-off versus Jason Spezza in Senators zone.
17:17 of 2nd period - Off-side.
17:18 of 2nd period - Jason Pominville wins face-off versus Brian Sutherby in neutral zone.
17:29 of 2nd period - Shot by Jason Spezza.
17:29 of 2nd period - Stopped by Fredrik Norrena with a rebound.
17:31 of 2nd period - Shot by Andy Mcdonald.
17:31 of 2nd period - Stopped by Fredrik Norrena without a rebound.
17:32 of 2nd period - Brian Sutherby wins face-off versus Andy Mcdonald in Capitals zone.
17:38 of 2nd period - Icing by Ilya Kovalchuk.
17:39 of 2nd period - Brian Sutherby wins face-off versus Andy Mcdonald in Senators zone.
17:42 of 2nd period - Shot by Brian Sutherby.
17:42 of 2nd period - Shot Misses the Net.
17:56 of 2nd period - Shot by Andy Mcdonald.
17:56 of 2nd period - Shot Misses the Net.
18:00 of 2nd period - Shot by Ilya Kovalchuk.
18:00 of 2nd period - Shot Misses the Net.
18:02 of 2nd period - Shot by Tom Preissing.
18:02 of 2nd period - Shot Misses the Net.
18:04 of 2nd period - Shot by Marc-Andre Bergeron.
18:04 of 2nd period - Shot Misses the Net.
18:06 of 2nd period - Shot by Tom Preissing.
18:06 of 2nd period - Shot Blocked by Brian Pothier.
18:16 of 2nd period - Brian Sutherby is hit by Chris Kunitz and loses puck.
18:25 of 2nd period - Shot by Jason Spezza.
18:25 of 2nd period - Shot Blocked by Brian Pothier.
19:09 of 2nd period - Shot by David Vyborny.
19:09 of 2nd period - Goal by David Vyborny - Senators : 1 - Capitals : 2.
19:10 of 2nd period - Rostislav Olesz wins face-off versus Dainius Zubrus in neutral zone.
19:43 of 2nd period - Shot by Petr Prucha.
19:43 of 2nd period - Shot Misses the Net.
19:45 of 2nd period - Shot by Jay Bouwmeester.
19:45 of 2nd period - Stopped by Fredrik Norrena without a rebound.
19:46 of 2nd period - David Vyborny wins face-off versus Jason Pominville in Capitals zone.
19:46 of 2nd period - David Vyborny is hit by Jason Pominville.
19:59 of 2nd period - Minor Penalty to Jason Spezza for Hooking.

Period #3

0:01 of 3rd period - Maxim Afinogenov wins face-off versus David Vyborny in neutral zone.
0:16 of 3rd period - Shot by Alexander Semin.
0:16 of 3rd period - Stopped by Kari Lehtonen without a rebound.
0:17 of 3rd period - David Vyborny wins face-off versus Maxim Afinogenov in Senators zone.
1:15 of 3rd period - Shot by Dainius Zubrus.
1:15 of 3rd period - Shot Misses the Net.
1:19 of 3rd period - Shot by Alexander Semin.
1:19 of 3rd period - Shot Blocked by Tom Preissing.
3:06 of 3rd period - Shot by David Vyborny.
3:06 of 3rd period - Stopped by Kari Lehtonen with a rebound.
4:24 of 3rd period - Shot by Jay Bouwmeester.
4:24 of 3rd period - Shot Misses the Net.
5:13 of 3rd period - Icing by Shaone Morrisonn.
5:14 of 3rd period - David Vyborny wins face-off versus Jason Spezza in Capitals zone.
5:20 of 3rd period - Alexander Ovechkin is hit by Anton Volchenkov and loses puck.
5:36 of 3rd period - Jason Spezza is hit by Trent Hunter and loses puck.
6:22 of 3rd period - Icing by Marc-Andre Bergeron.
6:23 of 3rd period - Brian Sutherby wins face-off versus Andy Mcdonald in Senators zone.
6:34 of 3rd period - Shot by Richard Zednik.
6:34 of 3rd period - Stopped by Kari Lehtonen without a rebound.
6:35 of 3rd period - David Vyborny wins face-off versus Rostislav Olesz in Senators zone.
7:28 of 3rd period - Brian Sutherby is hit by Ilya Kovalchuk and loses puck.
7:35 of 3rd period - Shot by Mike Cammalleri.
7:35 of 3rd period - Shot Blocked by Jeff Schultz.
7:37 of 3rd period - Shot by Mike Cammalleri.
7:37 of 3rd period - Goal by Mike Cammalleri - Senators : 2 - Capitals : 2.
7:38 of 3rd period - Jordan Staal wins face-off versus Dainius Zubrus in neutral zone.
7:52 of 3rd period - Shot by Alexander Semin.
7:52 of 3rd period - Deflect By Dainius Zubrus.
7:52 of 3rd period - Stopped by Kari Lehtonen without a rebound.
7:53 of 3rd period - Andy Mcdonald wins face-off versus David Vyborny in Senators zone.
8:07 of 3rd period - Icing by Tom Preissing.
8:08 of 3rd period - Andy Mcdonald wins face-off versus Richard Zednik in Senators zone.
8:51 of 3rd period - Chris Kunitz is hit by Trent Hunter.
9:11 of 3rd period - Shot by Bryan Muir.
9:11 of 3rd period - Stopped by Kari Lehtonen without a rebound.
9:12 of 3rd period - David Vyborny wins face-off versus Rostislav Olesz in Senators zone.
9:26 of 3rd period - Shot by Petr Prucha.
9:26 of 3rd period - Shot Misses the Net.
9:28 of 3rd period - Shot by Michel Ouellet.
9:28 of 3rd period - Stopped by Fredrik Norrena without a rebound.
9:29 of 3rd period - Dainius Zubrus wins face-off versus Jason Spezza in Capitals zone.
10:23 of 3rd period - Shot by Chris Clark.
10:23 of 3rd period - Shot Blocked by Marc-Andre Bergeron.
10:46 of 3rd period - David Vyborny is hit by Chris Kunitz.
11:03 of 3rd period - Icing by Shaone Morrisonn.
11:04 of 3rd period - David Vyborny wins face-off versus Jordan Staal in Capitals zone.
11:22 of 3rd period - Jordan Staal is hit by Adrian Aucoin and loses puck.
11:33 of 3rd period - Shot by Jason Spezza.
11:33 of 3rd period - Shot Blocked by Jeff Schultz.
11:35 of 3rd period - Shot by Mike Cammalleri.
11:35 of 3rd period - Stopped by Fredrik Norrena with a rebound.
11:37 of 3rd period - Shot by Jordan Staal.
11:37 of 3rd period - Stopped by Fredrik Norrena without a rebound.
11:38 of 3rd period - Rostislav Olesz wins face-off versus Dainius Zubrus in Capitals zone.
11:42 of 3rd period - Double Minor Penalty to Petr Prucha for Roughing.
11:43 of 3rd period - David Vyborny wins face-off versus Maxim Afinogenov in Capitals zone.
12:15 of 3rd period - Icing by Brian Pothier.
12:16 of 3rd period - Maxim Afinogenov wins face-off versus David Vyborny in Capitals zone.
12:53 of 3rd period - Off-side.
12:54 of 3rd period - Maxim Afinogenov wins face-off versus Dainius Zubrus in neutral zone.
13:05 of 3rd period - Shot by Ben Clymer.
13:05 of 3rd period - Stopped by Kari Lehtonen without a rebound.
13:06 of 3rd period - Richard Zednik wins face-off versus Jason Spezza in Senators zone.
13:23 of 3rd period - Shot by Chris Clark.
13:23 of 3rd period - Shot Misses the Net.
13:25 of 3rd period - Shot by Matt Pettinger.
13:25 of 3rd period - Stopped by Kari Lehtonen without a rebound.
13:26 of 3rd period - David Vyborny wins face-off versus Maxim Afinogenov in Senators zone.
14:57 of 3rd period - Anton Volchenkov is hit by Richard Zednik and loses puck.
15:36 of 3rd period - Shot by Alexander Ovechkin.
15:36 of 3rd period - Stopped by Kari Lehtonen without a rebound.
15:37 of 3rd period - Maxim Afinogenov wins face-off versus Matt Pettinger in Senators zone.
15:48 of 3rd period - Shot by Richard Zednik.
15:48 of 3rd period - Stopped by Kari Lehtonen without a rebound.
15:49 of 3rd period - Dainius Zubrus wins face-off versus Jordan Staal in Senators zone.
16:12 of 3rd period - Shot by Dainius Zubrus.
16:12 of 3rd period - Shot Misses the Net.
16:25 of 3rd period - Jordan Staal is hit by Bryan Muir.
16:57 of 3rd period - Brian Pothier is hit by Rostislav Olesz and loses puck.
17:30 of 3rd period - Shot by Alexander Ovechkin.
17:30 of 3rd period - Stopped by Kari Lehtonen without a rebound.
17:31 of 3rd period - Brian Sutherby wins face-off versus Jason Spezza in Senators zone.
17:41 of 3rd period - Shot by Richard Zednik.
17:41 of 3rd period - Shot Misses the Net.
18:01 of 3rd period - Shot by Jason Spezza.
18:01 of 3rd period - Shot Blocked by Ryane Clowe.
18:24 of 3rd period - Icing by Adrian Aucoin.
18:25 of 3rd period - Jordan Staal wins face-off versus Brian Sutherby in Capitals zone.
18:47 of 3rd period - Icing by Matt Carle.
18:48 of 3rd period - Jordan Staal wins face-off versus David Vyborny in Senators zone.
18:48 of 3rd period - Jordan Staal is hit by Alexander Ovechkin.
18:55 of 3rd period - Jordan Staal is hit by Shaone Morrisonn.
19:05 of 3rd period - Shot by Chris Kunitz.
19:05 of 3rd period - Deflect By Mike Cammalleri.
19:05 of 3rd period - Stopped by Fredrik Norrena without a rebound.
19:06 of 3rd period - David Vyborny wins face-off versus Michel Ouellet in Capitals zone.
19:35 of 3rd period - Shot by Petr Prucha.
19:35 of 3rd period - Shot Misses the Net.

Overtime #1

0:01 of 1st overtime period - David Vyborny wins face-off versus Jason Spezza in neutral zone.
0:09 of 1st overtime period - Shot by Ilya Kovalchuk.
0:09 of 1st overtime period - Deflect By Jason Spezza.
0:09 of 1st overtime period - Stopped by Fredrik Norrena without a rebound.
0:10 of 1st overtime period - Maxim Afinogenov wins face-off versus David Vyborny in Capitals zone.
0:23 of 1st overtime period - Shot by David Vyborny.
0:23 of 1st overtime period - Stopped by Kari Lehtonen without a rebound.
0:24 of 1st overtime period - Jason Spezza wins face-off versus David Vyborny in Senators zone.
0:29 of 1st overtime period - Shot by Jason Spezza.
0:29 of 1st overtime period - Stopped by Fredrik Norrena with a rebound.
0:31 of 1st overtime period - Shot by Jason Spezza.
0:31 of 1st overtime period - Stopped by Fredrik Norrena with a rebound.
0:35 of 1st overtime period - Shot by Jay Bouwmeester.
0:35 of 1st overtime period - Goal by Jay Bouwmeester - Senators : 3 - Capitals : 2.


Output by the SimonT Hockey Simulator (STHS) for Stephane Roy -- Original Page W3C XHTML 1.0 Valid